 Dungeon Crawl Stone Soup version 0.31-a0-647-g38d6a14cb1 (webtiles) character file.

Game seed: 3839066015206393674

1681678 GordonOverkill the Wrestler (level 27, 164/164 HPs)
             Began as a Vine Stalker Delver on Aug 28, 2023.
             Was the Champion of Nemelex Xobeh.
             Escaped with the Orb
             ... and 3 runes on Aug 29, 2023!
             The game lasted 03:16:24 (69343 turns).

GordonOverkill the Wrestler (Vine Stalker Delver)  Turns: 69343, Time: 03:16:25

Health: 164/164    AC: 56    Str: 37    XL:     27
Magic:  38/38      EV: 16    Int: 13    God:    Nemelex Xobeh [******]
Gold:   4310       SH: 19    Dex: 25    Spells: 46/46 levels left

rFire   + .          .
                       - Unarmed
rCold   + + .        p - +4 kite shield of the Hidden Vale {Contam rElec rF+}
rNeg    . . .        l - +12 crystal plate armour {rC+}
rPois   +            E - +1 hat {SInv}
rElec   +            O - +5 cloak of Vuceery {rC+ Int+3}
rCorr   .            a - +2 pair of gloves
SInv    +            L - +2 pair of boots
Will    +++..        M - amulet "Wiupeng" {Acrobat Rampage Str+7 Dex+5} Stlth
                     N - +4 ring of slaying
HPRegen 1.27/turn    e - ring of Gietul {rElec rPois AC+4 Str+3}
MPRegen 0.26/turn

%: acrobat, clarity, guardian spirit, rampage
@: studying Hexes
A: fangs 3, regeneration 1, magic shield, antimagic bite, no potion heal 2,
iridescent scales 1, thin skeletal structure 1, clarity
0: Orb of Zot
}: 3/15 runes: serpentine, barnacled, silver
a: Renounce Religion, Draw Escape, Draw Destruction, Draw Summoning, Triple
Draw, Deal Four, Stack Five


You escaped.
You worshipped Nemelex Xobeh.
Nemelex Xobeh was exalted by your worship.
You visited 9 branches of the dungeon, and saw 47 of its levels.
You visited the Abyss 1 time.
You visited 1 bazaar.
You also visited: Bailey and Ice Cave.

You collected 10630 gold pieces.
You spent 6320 gold pieces at shops.

Inventory:

Missiles
 d - 4 throwing nets (quivered)
Armour
 a - a +2 pair of gloves (worn)
 l - a +12 crystal plate armour of cold resistance (worn)
 p - the +4 kite shield of the Hidden Vale (worn) {Contam rElec rF+}
   (You found it on level 15 of the Dungeon)

   rF+:       It protects you from fire.
   rElec:     It insulates you from electricity.
   Contam:    It causes magical contamination when unequipped.
 E - a +1 hat of see invisible (worn)
 L - a +2 pair of boots (worn)
 O - the +5 cloak of Vuceery (worn) {rC+ Int+3}
   (You bought it in a shop on level 4 of the Depths)

   Int+3:     It affects your intelligence (+3).
   rC+:       It protects you from cold.
Jewellery
 e - the ring of Gietul (right hand) {rElec rPois AC+4 Str+3}
   (You took it off a deep elf zephyrmancer on level 3 of the Elven Halls)

   [ring of protection]

   AC+4:      It affects your AC (+4).
   Str+3:     It affects your strength (+3).
   rElec:     It insulates you from electricity.
   rPois:     It protects you from poison
 k - the amulet of the Morning {Acrobat rF+ Regen+}
   (You took it off a deep elf master archer on level 3 of the Elven Halls)

   [amulet of the acrobat]

   Acrobat:   It increases your evasion while moving and waiting.
   rF+:       It protects you from fire.
   Regen+:    It increases your rate of health regeneration.
 q - the ring of the Morning {rPois rN+ AC+4}
   (You found it on level 14 of the Dungeon)

   [ring of protection]

   AC+4:      It affects your AC (+4).
   rPois:     It protects you from poison rN+: It protects you from negative
   energy.
 M - the amulet "Wiupeng" (around neck) {Acrobat Rampage Str+7 Dex+5}
   (You took it off a deep elf elementalist on level 3 of the Elven Halls)

   [amulet of the acrobat]

   Acrobat:   It increases your evasion while moving and waiting.
   Str+7:     It affects your strength (+7).
   Dex+5:     It affects your dexterity (+5).
   Rampage:   It bestows one free step when moving towards enemies.
 N - a +4 ring of slaying (left hand)
Talismans
 Y - a granite talisman
Wands
 c - a wand of mindburst (62)
 r - a wand of charming (71)
 v - a wand of flame (70)
 Q - a wand of acid (18)
 U - a wand of iceblast (32)
Scrolls
 b - 11 scrolls of fog
 f - 23 scrolls of identify
 m - 12 scrolls of poison
 n - a scroll of revelation
 s - a scroll of amnesia
 u - 7 scrolls of blinking
 y - 14 scrolls of vulnerability
 z - 11 scrolls of teleportation
 B - a scroll of silence
 V - 2 scrolls of immolation
 W - 2 scrolls of butterflies
 X - 5 scrolls of fear
Potions
 g - 3 potions of ambrosia
 i - 8 potions of resistance
 o - 4 potions of brilliance
 t - 4 potions of haste
 w - 16 potions of enlightenment
 x - 20 potions of curing
 A - 5 potions of mutation
 C - 5 potions of lignification
 I - 10 potions of cancellation
 J - 2 potions of attraction
 K - 8 potions of might
 T - 2 potions of magic
 Z - 3 potions of berserk rage
Miscellaneous
 h - a phantom mirror
 H - a sack of spiders
 P - a lightning rod (4/4)


   Skills:
 - Level 23.0 Fighting
 - Level 1.0 Throwing
 - Level 15.0 Armour
 - Level 13.0 Dodging
 - Level 6.0 Stealth
 - Level 15.0 Shields
 + Level 24.1 Unarmed Combat
 - Level 10.0 Spellcasting
 - Level 11.0 Invocations
 - Level 10.0 Evocations
 - Level 15.0 Shapeshifting


You had 46 spell levels left.
You didn't know any spells.
Your spell library contained the following spells:

 Spells                   Type           Power      Damage    Failure   Level
 Apportation              Tloc           12%        N/A       80%         1
 Foxfire                  Conj/Fire      24%        2x1d5     80%         1
 Freeze                   Ice            24%        1d4       80%         1
 Kiss of Death            Conj/Necr      24%        2d7       80%         1
 Necrotise                Necr           24%        1d5       80%         1
 Slow                     Hex            24%        N/A       80%         1
 Summon Small Mammal      Summ           24%        N/A       80%         1
 Blink                    Tloc           12%        N/A       91%         2
 Ensorcelled Hibernation  Hex/Ice        12%        N/A       91%         2
 Lesser Beckoning         Tloc           12%        N/A       91%         2
 Momentum Strike          Conj/Tloc      12%        3d8       91%         2
 Poisonous Vapours        Pois/Air       12%        N/A       91%         2
 Scorch                   Fire           12%        2d5       91%         2
 Sublimation of Blood     Necr           6%         N/A       91%         2
 Call Canine Familiar     Summ           6%         N/A       99%         3
 Confusing Touch          Hex            6%         N/A       99%         3
 Frozen Ramparts          Ice            12%        1d2       99%         3
 Hailstorm                Conj/Ice       6%         3d4       99%         3
 Inner Flame              Hex/Fire       6%         N/A       99%         3
 Mephitic Cloud           Conj/Pois/Air  6%         N/A       99%         3
 Ozocubu's Armour         Ice            6%         N/A       99%         3
 Portal Projectile        Hex/Tloc       12%        N/A       99%         3
 Summon Guardian Golem    Hex/Summ       6%         N/A       99%         3
 Vampiric Draining        Necr           6%         2d6       99%         3
 Volatile Blastmotes      Fire/Tloc      12%        2d11      99%         3
 Anguish                  Hex/Necr       3%         N/A       100%        4
 Animate Dead             Necr           6%         N/A       100%        4
 Cause Fear               Hex            3%         N/A       100%        4
 Dispel Undead            Necr           6%         3d8       100%        4
 Flame Wave               Conj/Fire      6%         2d5       100%        4
 Fulminant Prism          Conj/Hex       3%         3d5       100%        4
 Iskenderun's Mystic Bla  Conj/Tloc      6%         2d4       100%        4
 Leda's Liquefaction      Hex/Erth       3%         N/A       100%        4
 Sticky Flame             Conj/Fire      6%         2d3       100%        4
 Summon Ice Beast         Ice/Summ       6%         N/A       100%        4
 Agony                    Necr           6%         N/A       100%        5
 Alistair's Intoxication  Tmut/Pois      4%         N/A       100%        5
 Borgnjor's Vile Clutch   Necr/Erth      3%         N/A       100%        5
 Fireball                 Conj/Fire      3%         3d4       100%        5
 Freezing Cloud           Conj/Ice/Air   3%         6-21      100%        5
 Iskenderun's Battlesphe  Conj           6%         2d6       100%        5
 Metabolic Englaciation   Hex/Ice        3%         N/A       100%        5
 Summon Forest            Summ/Tloc      3%         N/A       100%        5
 Summon Mana Viper        Hex/Summ       6%         N/A       100%        5
 Conjure Ball Lightning   Conj/Air       3%         3x3d6     100%        6
 Death Channel            Necr           3%         N/A       100%        6
 Eringya's Noxious Bog    Tmut/Pois      3%         4d6       100%        6
 Plasma Beam              Fire/Air       3%         2x1d13    100%        6
 Simulacrum               Ice/Necr       3%         N/A       100%        6
 Starburst                Conj/Fire      3%         6d3       100%        6
 Summon Cactus Giant      Summ           3%         N/A       100%        6
 Enfeeble                 Hex            3%         N/A       100%        7
 Haunt                    Necr/Summ      3%         N/A       100%        7
 Malign Gateway           Summ/Tloc      3%         N/A       100%        7
 Monstrous Menagerie      Summ           3%         N/A       100%        7
 Orb of Destruction       Conj           3%         9d5       100%        7
 Ozocubu's Refrigeration  Ice            3%         4d8       100%        7
 Spellforged Servitor     Conj/Summ      3%         N/A       100%        7
 Summon Hydra             Summ           3%         N/A       100%        7
 Borgnjor's Revivificati  Necr           3%         N/A       100%        8
 Infestation              Necr           3%         N/A       100%        8
 Summon Horrible Things   Summ           3%         N/A       100%        8
 Death's Door             Necr           3%         N/A       100%        9
 Polar Vortex             Ice            3%         N/A       100%        9


Dungeon Overview and Level Annotations

Branches:
Dungeon (15/15)            Temple (0/1) D:7            Lair (5/5) D:9
 Shoals (4/4) Lair:2        Snake (4/4) Lair:2        Slime (0/5) Lair:5
    Orc (2/2) D:11            Elf (3/3) Orc:2        Vaults (5/5) D:14
  Crypt (0/3) Vaults:3     Depths (4/4) D:15            Zot (5/5) Depths:4
 Bailey (visited)           IceCv (visited)

Altars:
Ashenzari
Dithmenos
Elyvilon
Gozag
Hepliaklqana
Makhleb
Nemelex Xobeh
Okawaru
Wu Jian
Xom
Yredelemnul
The Shining One
Jiyva

Shops:
D:3 (   D:8 *   D:11 *:   D:12 !   Orc:2 *[=!   Elf:1 *[!:[   Elf:2 *![=
Shoals:3 (   Shoals:4 =*   Snake:1 (   Snake:2 [   Vaults:2 ?   Vaults:3 (!
Vaults:5 [[*   Depths:3 !   Depths:4 *

Portals:
Hell: Depths:1 Depths:2 Depths:3 Depths:4
Abyss: Depths:3
Pandemonium: Depths:2
Ziggurat: Depths:2

Annotations:
D:13 2 transporters, Piotedat's ghost, journeyman FoFi
D:14 2 transporters, MrShunz's ghost, journeyman MiBe
Snake:4 2 transporters, MacCMillion's ghost, adept DEFE
Elf:1 1 runed translucent door


Innate Abilities, Weirdness & Mutations

You have razor-sharp teeth.
Your natural rate of healing is unusually fast.
When hurt, damage is shared between your health and your magic reserves.
Your bite disrupts and absorbs the magic of your enemies.
Potions cannot restore your health.
You are partially covered in iridescent scales. (AC +2)
You have a somewhat thin skeletal structure. (Dex +2, Stealth+)
You possess an exceptional clarity of mind.


Message History

No target in view!
No target in view!
There is a stone staircase leading up here.
Things that are here:
a potion of degeneration; a potion of attraction You climb upwards.
There is a stone staircase leading down here.
What level of the Dungeon? (default 1, ? - help)
There is a stone staircase leading up here.
You climb upwards.
There is a stone staircase leading down here.
You see here a +0 buckler.
There is a stone staircase leading up here.
You climb upwards.
There is a stone staircase leading down here.
There is a stone staircase leading up here.
You climb upwards.
There is a stone staircase leading down here.
There is a stone staircase leading up here.
You climb upwards.
There is a stone staircase leading down here.
A green death comes into view.
You rampage towards the green death!
You squash the green death like an ant!!!
You bite the green death!!
The green death's magic leaks into the air.
You drain its magic.
The green death is almost dead.
You hit the green death.
You kill the green death!
No target in view!
No target in view!
No target in view!
No target in view!
What level of the Dungeon? (default 1, ? - help)
There is a stone staircase leading up here.
You climb upwards.
There is a stone staircase leading down here.
There is a staircase leading out of the dungeon here.
You have escaped!

#.###....###.......†..
##.'...#...###......[.
####.###.## #..##.#.# #.# #.##
#..##.#.# ###.# #..###..##.#.#
##...####.#.......#.#
#########..#..###.###........
#......#..###.##.## ##.####.#
#.######.###@....## #.####.#
#.# #.# ####.#.####....... #†#
#.##########.......... #.#
#........# #########.# #.#
####.###############..
##.########...................
##....).......################.
#.....#.####.######## ##
#)....#.............# #


There were no monsters in sight!

Vanquished Creatures
  2 dread liches
  2 orbs of fire (Zot:5)
  9 ancient liches
  3 juggernauts
  Mennas (Vaults:3)
  Boris (Depths:3)
  5 Killer Klowns
  Vv (Depths:2)
  3 curse toes
  9 golden dragons
  Norris (Depths:3)
  Nikola (Elf:2)
  A Brimstone Fiend (Zot:4)
  A bone dragon (Depths:3)
  The ghost of samai96 the Warrior, an adept DrSh of Okawaru (Depths:3)
  The ghost of Cuqaunix the Warrior, an adept MiCK of Xom (Snake:3)
  4 electric golems
  16 tentacled monstrosities
  A deep elf blademaster (Elf:2)
  6 liches
  Mlioglotl (Snake:3)
  A walking divine tome (Depths:2)
  26 Orb Guardians
  6 sphinxes
  11 titans
  6 quicksilver dragons
  3 deep elf master archers (Elf:3)
  Gastronok (Lair:2)
  A kraken (Shoals:3)
  17 death cobs
  7 tengu reavers
  Kirke (D:15)
  An azure jelly (Snake:2)
  12 shadow dragons
  25 storm dragons
  7 nagarajas
  5 draconian knights
  Roxanne (Shoals:1)
  5 draconian monks
  7 deep elf sorcerers
  4 fire giants
  12 frost giants
  2 balrugs
  A daeva (Zot:1)
  9 draconian shifters
  7 draconian scorchers
  2 iron dragons
  4 spectral caustic shrikes (Depths:1)
  3 ghost moths
  17 vault wardens
  3 orc warlords
  4 reapers
  6 deep elf elementalists
  16 ironbound preservers
  7 draconian annihilators
  6 draconian stormcallers
  3 war gargoyles (Zot:4)
  A formless jellyfish (Vaults:3)
  8 ironbound thunderhulks
  5 vampire knights
  11 stone giants
  15 black draconians
  12 green draconians
  4 deep elf demonologists
  17 very ugly things
  A minotaur (Snake:4)
  A dire elephant (Vaults:2)
  Azrael (Elf:1)
  14 deep elf annihilators
  11 yellow draconians
  11 red draconians
  13 white draconians
  9 purple draconians
  2 green deaths
  2 spark wasps (Depths:2)
  18 ettins
  2 ettins (shapeshifter) (Vaults:5)
  4 deep elf death magi
  8 merfolk javelineers
  4 great orbs of eyes
  6 merfolk impalers
  5 deep elf high priests (Elf:3)
  Josephine (D:11)
  16 yaktaur captains
  An ice dragon (shapeshifter) (Vaults:5)
  11 fire dragons
  2 entropy weavers
  14 ice dragons
  A rakshasa (Depths:1)
  34 vault guards
  4 hydras
  Harold (D:11)
  4 caustic shrike simulacra (IceCv)
  2 hell beasts
  An ogre mage (Vaults:4)
  3 spriggan air magi
  11 ironbound frosthearts
  5 salamander tyrants
  13 anacondas
  An anaconda (shapeshifter) (Depths:4)
  3 merfolk aquamancers
  9 centaur warriors
  9 two-headed ogres
  A death knight (Vaults:3)
  35 dancing weapons
  8 merfolk avatars
  Erica (Orc:1)
  2 boulder beetles
  8 deep troll earth magi
  13 naga warriors
  2 death yaks (Lair:5)
  A tengu warrior (Depths:3)
  2 deep troll shamans
  3 satyrs
  2 demonic crawlers (D:13)
  2 vampire magi
  Urug (Lair:3)
  A hell hog (Depths:3)
  19 hell knights
  3 spriggan berserkers (Depths:4)
  A soul eater (Depths:2)
  6 orc high priests
  11 naga sharpshooters
  3 sun demons
  A skyshark (shapeshifter) (Vaults:4)
  21 deep elf knights
  12 shock serpents
  7 skysharks
  A shadow wraith (Vaults:5)
  4 skeletal warriors (D:13)
  3 sixfirhies
  4 salamander mystics
  3 iron trolls (Depths:3)
  A sea snake (shapeshifter) (Depths:3)
  3 flayed ghosts
  A shadow demon (D:15)
  18 sea snakes
  A glowing orange brain (shapeshifter) (Vaults:5)
  10 naga ritualists
  An orb spider (shapeshifter) (Vaults:1)
  45 deep trolls
  2 glowing orange brains
  2 bog bodies (IceCv)
  9 lindwurms
  23 ironbound convokers
  14 orc knights
  10 wizards
  2 obsidian statues (IceCv)
  32 deep elf pyromancers
  16 harpies
  2 phantasmal warriors
  An orange crystal statue (Zot:5)
  A spriggan simulacrum (IceCv)
  32 deep elf zephyrmancers
  8 necromancers
  17 mana vipers
  11 deep elf archers
  41 ugly things
  A lindwurm (shapeshifter) (Vaults:5)
  3 orc sorcerers
  28 salamanders
  A wolf spider (Vaults:5)
  7 cyclopes
  32 moths of wrath
  16 manticores
  10 fauns
  An elephant (shapeshifter) (Elf:2)
  5 water nymphs
  4 merfolk sirens
  9 guardian serpents
  7 elephants
  13 naga magi
  A torpor snail (shapeshifter) (Depths:3)
  19 vault sentinels
  Joseph (D:7)
  A rust devil (Depths:2)
  A guardian serpent (shapeshifter) (Depths:3)
  2 orange demons
  47 black mambas
  3 smoke demons
  11 cane toads
  A torpor snail (Lair:4)
  6 freezing wraiths
  3 efreet
  3 unseen horrors
  3 rime drakes
  33 yaktaurs
  8 komodo dragons
  2 golden dragon simulacra (IceCv)
  4 ice devils
  5 red devils
  2 polar bears
  3 hellwings
  A wind drake (shapeshifter) (Vaults:4)
  A tarantella (shapeshifter) (D:14)
  28 merfolk
  10 trolls
  8 wind drakes
  2 hornets
  3 raiju (Zot:4)
  16 blink frogs
  2 dream sheep (Shoals:2)
  18 slime creatures
  14 snapping turtles
  2 dire elephant simulacra (IceCv)
  3 shadows
  5 air elementals
  4 wyverns
  A vampire (D:8)
  19 water elementals
  44 yaks
  5 fire elementals
  A yak (shapeshifter) (Vaults:4)
  Eustachio (D:6)
  3 hogs (D:15)
  A human (shapeshifter) (D:15)
  4 wraiths (D:11)
  3 basilisks
  A hog (shapeshifter) (Elf:3)
  2 steam dragons
  2 chaos spawn (Depths:2)
  2 neqoxecs
  A redback (Vaults:4)
  40 nagas
  13 vampire mosquitoes
  A swamp worm (shapeshifter) (Elf:2)
  Edmund (D:4)
  Duvessa (D:5)
  3 acid dragons
  5 hell hounds
  14 water moccasins
  4 hydra simulacra (IceCv)
  3 ice beasts
  52 orc warriors
  2 black bears
  A sky beast (D:7)
  An ettin simulacrum (IceCv)
  10 ogres
  5 boggarts
  3 phantoms
  13 centaurs
  3 kobold brigands
  5 earth elementals
  9 bullfrogs
  2 gnoll sergeants
  2 scorpions
  7 wights
  A troll zombie (D:11)
  Dowan (D:5)
  13 killer bees
  2 electric eels
  4 howler monkeys
  A jelly (D:4)
  A vampire bat (D:5)
  3 crimson imps
  4 quasits
  5 hounds
  A human simulacrum (Vaults:2)
  27 orc priests
  2 gnoll boudas
  An iron imp (D:13)
  2 sleepcaps
  2 iguanas
  18 orc wizards
  Ijyb (D:4)
  5 hell rats (Lair:4)
  5 lightning spires (Zot:4)
  5 ogre zombies (D:11)
  21 gnolls
  3 adders
  4 river rats
  5 shadow imps
  6 white imps
  3 ufetubi
  A worm (D:3)
  5 dart slugs
  83 orcs
  15 bats
  2 endoplasms
  10 giant cockroaches
  18 goblins
  22 hobgoblins
  3 jackals (D:1)
  7 quokkas
  3 training dummies (Shoals:3)
  7 ball pythons
  5 frilled lizards
  3 goblin skeletons (D:11)
  A goblin zombie (D:11)
  A hobgoblin zombie (D:11)
  20 kobolds
  An orc skeleton (D:11)
  13 orc zombies (D:11)
  4 rats
  A butterfly (Lair:3)
  2 tentacles (Shoals:3)
2210 creatures vanquished.

Vanquished Creatures (collateral kills)
  Donald (Shoals:3)
  A vault warden (Vaults:1)
  An ironbound thunderhulk (Vaults:1)
  2 merfolk javelineers
  A merfolk impaler (Shoals:4)
  A centaur warrior (Vaults:1)
  A naga warrior (Snake:4)
  2 deep trolls (Vaults:1)
  A salamander mystic (Snake:4)
  An ironbound convoker (Vaults:1)
  A lindwurm (Snake:4)
  A deep elf pyromancer (D:13)
  A mana viper (Snake:4)
  3 manticores
  2 salamanders (Snake:4)
  A cyclops (D:13)
  A torpor snail (Lair:5)
  2 komodo dragons (Lair:5)
  A yaktaur (Vaults:4)
  A merfolk (Shoals:3)
  A snapping turtle (Lair:5)
  Sigmund (D:4)
  A naga (Snake:4)
  An adder (D:4)
  A hobgoblin (D:4)
31 creatures vanquished.

Vanquished Creatures (others)
  A black draconian (Zot:4)
  A deep troll earth mage (Depths:4)
  A deep elf archer (Elf:2)
  A deep elf zephyrmancer (Elf:2)
  2 deep elf pyromancers (Elf:2)
  A raiju (Zot:4)
  2 humans (D:15)
  A centaur (D:15)
  An orc wizard (Orc:1)
  A gnoll (D:8)
  5 ball lightnings (Zot:4)
  4 tentacles (Shoals:3)
21 creatures vanquished.

Grand Total: 2262 creatures vanquished

Notes
Turn   | Place    | Note
-------+----------+-------------------------------------------
     0 | D:5      | GordonOverkill the Vine Stalker Delver began the quest for
                  | the Orb.
     0 | D:5      | Reached XP level 1. HP: 11/11 MP: 2/2
     6 | D:6      | Noticed a hound
    90 | D:5      | Noticed an iguana
   161 | D:5      | Found a sparkling altar of Nemelex Xobeh.
   206 | D:5      | Became a worshipper of Nemelex Xobeh the Trickster
   209 | D:5      | Noticed a scorpion
   227 | D:5      | Noticed an ogre
   242 | D:5      | Noticed Duvessa
   247 | D:5      | Noticed Dowan
   247 | D:5      | Noticed a black bear
   251 | D:5      | Noticed an acid dragon
   292 | D:4      | Found an opulent altar of Gozag.
   355 | D:4      | Noticed a sleepcap
   377 | D:4      | Noticed an ogre
   541 | D:4      | Reached XP level 2. HP: 16/16 MP: 3/3
   844 | D:4      | Reached skill level 1 in Invocations
   866 | D:4      | Noticed Ijyb
   955 | D:3      | Reached XP level 3. HP: 4/20 MP: 3/5
  1239 | D:1      | Gained mutation: Your natural rate of healing is unusually
                  | fast. [Vine Stalker growth]
  1239 | D:1      | Reached XP level 4. HP: 24/24 MP: 6/6
  1485 | D:1      | Reached skill level 1 in Shapeshifting
  1720 | D:2      | Reached * piety under Nemelex Xobeh
  1729 | D:2      | Reached skill level 3 in Unarmed Combat
  1854 | D:2      | Received a gift from Nemelex Xobeh
  2240 | D:3      | Found Caskageu's Weapon Shop.
  2350 | D:3      | Found an iron altar of Okawaru.
  2392 | D:3      | Reached skill level 1 in Evocations
  2402 | D:3      | Reached XP level 5. HP: 28/28 MP: 7/7
  2902 | D:4      | Killed Ijyb
  2903 | D:4      | Reached skill level 1 in Throwing
  3060 | D:4      | Noticed Sigmund
  3079 | D:4      | Killed Sigmund
  3080 | D:4      | Reached XP level 6. HP: 32/32 MP: 8/8
  3170 | D:4      | Noticed Edmund
  3174 | D:4      | Killed Edmund
  3175 | D:4      | Reached XP level 7. HP: 36/36 MP: 9/9
  3469 | D:4      | Reached skill level 5 in Shapeshifting
  3718 | D:4      | Found an opulent altar of Gozag.
  4410 | D:5      | Killed Duvessa
  4411 | D:5      | Gained mutation: You have razor-sharp teeth. [Vine Stalker
                  | growth]
  4411 | D:5      | Reached XP level 8. HP: 25/40 MP: 7/10
  4554 | D:5      | Killed Dowan
  4621 | D:5      | Reached ** piety under Nemelex Xobeh
  5413 | D:6      | Noticed Eustachio
  5424 | D:6      | Killed Eustachio
  5425 | D:6      | Reached XP level 9. HP: 44/44 MP: 11/11
  6005 | D:7      | Reached skill level 10 in Shapeshifting
  6024 | D:7      | Noticed Joseph
  6193 | D:7      | Found an ornate altar of the Wu Jian Council.
  6302 | D:7      | Found a hazy altar of Hepliaklqana.
  6350 | D:7      | Killed Joseph
  6474 | D:7      | Found a shadowy altar of Dithmenos.
  6493 | D:7      | Found a staircase to the Ecumenical Temple.
  6695 | D:7      | Killed an unseen horror
  6696 | D:7      | Reached XP level 10. HP: 48/49 MP: 10/12
  6725 | D:8      | Found a broken altar of Ashenzari.
  6920 | D:8      | Found Aoammady's Alliterative Armaments.
  7000 | D:8      | Reached skill level 4 in Unarmed Combat
  7026 | D:8      | Reached *** piety under Nemelex Xobeh
  7375 | D:8      | Reached skill level 5 in Unarmed Combat
  7410 | D:8      | Reached skill level 5 in Fighting
  7735 | D:8      | Reached XP level 11. HP: 43/55 MP: 14/14
  7763 | D:8      | Noticed a two-headed ogre
  7769 | D:8      | Killed a two-headed ogre
  7945 | D:8      | Noticed a two-headed ogre
  7963 | D:8      | Killed a two-headed ogre
  8329 | D:9      | Received a gift from Nemelex Xobeh
  8555 | D:9      | Noticed a two-headed ogre
  8563 | D:9      | Killed a two-headed ogre
  8572 | D:9      | Found a large runed translucent door.
  8572 | D:9      | Found a large runed translucent door.
  8695 | D:9      | Found a staircase to the Lair.
  9033 | D:9      | Reached **** piety under Nemelex Xobeh
  9039 | D:9      | Found a runed translucent door.
  9041 | D:9      | Noticed a sixfirhy
  9183 | D:9      | Found a burning altar of Makhleb.
  9201 | D:9      | Found a basalt altar of Yredelemnul.
  9244 | D:9      | Killed a sixfirhy
  9445 | D:10     | Entered Level 10 of the Dungeon
  9493 | D:10     | Found a flagged portal.
  9502 | Bailey   | Entered a bailey
  9655 | Bailey   | Reached skill level 15 in Shapeshifting
  9892 | Bailey   | Noticed an orc warlord
  9936 | Bailey   | Killed an orc warlord
  9937 | Bailey   | Reached XP level 12. HP: 37/60 MP: 13/15
  9987 | Bailey   | Reached skill level 6 in Unarmed Combat
 10039 | Bailey   | Acquired 1013 gold pieces
 10247 | D:10     | Found a glowing golden altar of the Shining One.
 10325 | D:10     | Received a gift from Nemelex Xobeh
 10428 | D:10     | Found a white marble altar of Elyvilon.
 10719 | D:10     | Reached skill level 7 in Unarmed Combat
 11122 | D:10     | Noticed a two-headed ogre
 11130 | D:10     | Killed a two-headed ogre
 11706 | D:11     | Noticed Josephine
 11714 | D:11     | Killed Josephine
 11723 | D:11     | Reached skill level 8 in Unarmed Combat
 11784 | D:11     | Found Maisa's Book Emporium.
 11788 | D:11     | Noticed a two-headed ogre
 11797 | D:11     | Killed a two-headed ogre
 11904 | D:11     | Found a staircase to the Orcish Mines.
 11965 | D:11     | Noticed a two-headed ogre
 11969 | D:11     | Killed a two-headed ogre
 12378 | D:11     | Reached skill level 9 in Unarmed Combat
 12407 | D:11     | Noticed Harold
 12416 | D:11     | Killed Harold
 12488 | D:11     | Found Bicrio's General Store.
 12543 | D:11     | Reached ***** piety under Nemelex Xobeh
 12726 | Lair:1   | Entered Level 1 of the Lair of Beasts
 12751 | Lair:1   | Reached XP level 13. HP: 63/70 MP: 16/16
 12781 | Lair:1   | Received a gift from Nemelex Xobeh
 12951 | Lair:1   | Identified the orb of the Garden {guile, Drain rElec rN+}
 12983 | Lair:1   | Received a gift from Nemelex Xobeh
 13084 | Lair:1   | Identified the amulet of the Crown {Harm Regen+ Str+2 Dex-5
                  | SInv}
 13216 | Lair:1   | Reached skill level 10 in Unarmed Combat
 13377 | Lair:2   | Received a gift from Nemelex Xobeh
 13414 | Lair:2   | Found a staircase to the Snake Pit.
 13472 | Lair:2   | Noticed Gastronok
 13491 | Lair:2   | Killed Gastronok
 13492 | Lair:2   | Reached skill level 10 in Fighting
 13541 | Lair:2   | Found a staircase to the Shoals.
 13788 | Lair:2   | You fall into a shaft and drop 2 floors!
 14551 | Lair:3   | Reached skill level 5 in Dodging
 14632 | Lair:3   | Noticed Urug
 14938 | Lair:3   | Received a gift from Nemelex Xobeh
 15152 | Lair:3   | Killed Urug
 15898 | Lair:4   | Reached skill level 5 in Invocations
 16223 | Lair:4   | Received a gift from Nemelex Xobeh
 17101 | Lair:5   | Entered Level 5 of the Lair of Beasts
 17108 | Lair:5   | Reached XP level 14. HP: 77/77 MP: 19/19
 17191 | Lair:5   | Reached ****** piety under Nemelex Xobeh
 17232 | Lair:5   | Reached skill level 11 in Unarmed Combat
 17398 | Lair:5   | Acquired 1005 gold pieces
 17400 | Lair:5   | Acquired 1300 gold pieces
 17461 | Lair:5   | Received a gift from Nemelex Xobeh
 17502 | Lair:5   | Found a viscous altar of Jiyva.
 17832 | Lair:5   | Found a staircase to the Slime Pits.
 17926 | Lair:5   | Reached skill level 12 in Unarmed Combat
 17930 | Lair:5   | Received a gift from Nemelex Xobeh
 17948 | Lair:5   | Identified the ring of the Solemn Tomato {rPois Str+6}
 18738 | D:12     | Reached skill level 1 in Armour
 18764 | D:12     | Found Enwaor's Distillery.
 18768 | D:12     | Bought a potion of haste for 140 gold pieces
 18768 | D:12     | Bought a potion of might for 56 gold pieces
 18768 | D:12     | Bought a potion of enlightenment for 70 gold pieces
 19258 | D:13     | Found a transporter.
 19274 | D:13     | Found a transporter.
 19275 | D:13     | Noticed Piotedat's ghost (journeyman FoFi)
 19500 | D:13     | Received a gift from Nemelex Xobeh
 19646 | D:13     | Reached skill level 5 in Armour
 20007 | D:14     | Identified the ring of the Morning {rPois rN+ AC+4}
 20054 | D:14     | Identified the ring of Res Nullius {*Corrode rPois rF+ rN+
                  | Dex+3}
 20184 | D:14     | Reached XP level 15. HP: 84/84 MP: 18/20
 20565 | D:14     | Reached skill level 13 in Unarmed Combat
 20656 | D:14     | Noticed MrShunz's ghost (journeyman MiBe)
 20658 | D:14     | Found a transporter.
 20659 | D:14     | Noticed a frost giant
 20660 | D:14     | Identified the +2 giant spiked club "Arghonn" {flame, Fly
                  | Str+7 Dex-4 Stlth+}
 20660 | D:14     | Noticed a fire giant
 20670 | D:14     | Found a transporter.
 20709 | D:14     | Received a gift from Nemelex Xobeh
 21140 | D:14     | Found a gate to the Vaults.
 21351 | D:15     | Entered Level 15 of the Dungeon
 21351 | D:15     | Found a frozen archway.
 21362 | IceCv    | Entered an ice cave
 21451 | IceCv    | Reached skill level 14 in Unarmed Combat
 21725 | IceCv    | Reached XP level 16. HP: 88/88 MP: 20/23
 22447 | D:15     | Received a gift from Nemelex Xobeh
 22524 | D:15     | Identified the +4 kite shield of the Hidden Vale {Contam
                  | rElec rF+}
 22890 | D:15     | Received a gift from Nemelex Xobeh
 22913 | D:15     | Reached skill level 1 in Shields
 22948 | D:15     | Reached skill level 15 in Unarmed Combat
 23052 | D:15     | Noticed Kirke
 23064 | D:15     | Killed Kirke
 23130 | D:15     | Received a gift from Nemelex Xobeh
 23315 | D:15     | Found a staircase to the Depths.
 23473 | Orc:1    | Entered Level 1 of the Orcish Mines
 23540 | Orc:1    | Noticed Erica
 23551 | Orc:1    | Killed Erica
 23698 | Orc:1    | Received a gift from Nemelex Xobeh
 23873 | Orc:2    | Entered Level 2 of the Orcish Mines
 23904 | Orc:1    | Reached skill level 5 in Shields
 24389 | Orc:2    | Found a staircase to the Elven Halls.
 24401 | Orc:2    | Received a gift from Nemelex Xobeh
 25007 | Orc:2    | Reached XP level 17. HP: 93/93 MP: 24/24
 25610 | Orc:2    | Found Pudejenn's Assorted Antiques.
 25611 | Orc:2    | Found Xonetyf's Jewellery Emporium.
 25611 | Orc:2    | Found Rasum's Armour Shoppe.
 25612 | Orc:2    | Found Vebim's Distillery.
 25622 | Orc:2    | Bought 2 potions of might for 232 gold pieces
 25622 | Orc:2    | Bought 2 potions of invisibility for 464 gold pieces
 25622 | Orc:2    | Bought a scroll of enchant armour for 217 gold pieces
 25622 | Orc:2    | Bought a scroll labelled IDOESI GESOK for 29 gold pieces
 25630 | Orc:2    | Bought a potion of resistance for 120 gold pieces
 25630 | Orc:2    | Bought a potion of cancellation for 96 gold pieces
 25634 | Orc:2    | Bought a scroll of identify for 58 gold pieces
 25791 | D:11     | Bought a scroll of revelation for 90 gold pieces
 26012 | Snake:1  | Entered Level 1 of the Snake Pit
 26325 | Snake:1  | Received a gift from Nemelex Xobeh
 26631 | Snake:1  | Found Cisyrer's Weapon Boutique.
 26656 | Snake:1  | Bought 5 curare-tipped darts for 90 gold pieces
 26848 | Snake:1  | Received a gift from Nemelex Xobeh
 27142 | Snake:2  | Reached skill level 10 in Shields
 27411 | Snake:2  | Found Essiec's Armour Boutique.
 27598 | Snake:2  | Received a gift from Nemelex Xobeh
 28414 | Snake:2  | You fall into a shaft and drop 1 floor!
 28480 | Snake:3  | Found a runed translucent door.
 28483 | Snake:3  | Found a shimmering altar of Xom.
 28483 | Snake:3  | Noticed Cuqaunix's ghost (adept MiCK)
 28540 | Snake:2  | Noticed Vashnia
 28600 | Snake:2  | Vashnia changed into Vashnia the azure jelly
 28600 | Snake:2  | Noticed Vashnia
 28610 | Snake:2  | Killed Vashnia the azure jelly
 28618 | Snake:2  | Reached skill level 10 in Invocations
 29092 | Snake:3  | Noticed Mlioglotl
 29107 | Snake:3  | Killed Mlioglotl
 29210 | Snake:3  | Received a gift from Nemelex Xobeh
 29345 | Snake:3  | Reached XP level 18. HP: 95/102 MP: 15/26
 29368 | Snake:3  | Reached skill level 1 in Spellcasting
 29507 | Snake:3  | Found a sparkling altar of Nemelex Xobeh.
 29969 | Snake:3  | Killed Cuqaunix's ghost
 29975 | Snake:3  | Got Sicol's Grimoire of Frozen Shadows
 29994 | Snake:4  | Entered Level 4 of the Snake Pit
 30479 | Snake:4  | Noticed MacCMillion's ghost (adept DEFE)
 30524 | Snake:4  | Found a transporter.
 30544 | Snake:4  | Found a transporter.
 30763 | Snake:4  | Received a gift from Nemelex Xobeh
 31793 | Snake:4  | Reached skill level 5 in Spellcasting
 32105 | Snake:4  | Reached skill level 16 in Unarmed Combat
 32142 | Snake:4  | Reached skill level 15 in Fighting
 32342 | Snake:4  | Reached XP level 19. HP: 94/108 MP: 23/27
 32446 | Snake:4  | Got a serpentine rune of Zot
 32910 | Vaults:1 | Entered Level 1 of the Vaults
 33237 | Abyss:2  | Cast into level 2 of the Abyss (a wizard)
 33249 | Abyss:2  | Received a gift from Nemelex Xobeh
 33251 | Abyss:2  | Found a corrupted altar of Lugonu.
 33283 | Vaults:1 | Escaped the Abyss
 33332 | Vaults:1 | Found a transporter.
 33374 | Vaults:1 | Found a transporter.
 33651 | Vaults:1 | Identified the +1 long sword of Vecker {distort, rC- rN+
                  | Will+}
 33668 | Vaults:1 | Identified the +5 demon trident of Devotion {drain, Dex+3}
 33991 | Vaults:1 | Reached skill level 17 in Unarmed Combat
 34012 | Vaults:1 | Received a gift from Nemelex Xobeh
 34293 | Vaults:1 | Noticed an ancient lich
 34303 | Vaults:1 | Gained mutation: You sometimes lose your temper in combat.
                  | [mutagenic glow]
 34316 | Vaults:1 | Killed an ancient lich
 34318 | Vaults:1 | Gained mutation: Your spells are a little easier to cast,
                  | but a little less powerful. [mutagenic glow]
 34337 | Vaults:1 | Gained mutation: Your body sometimes deteriorates upon
                  | taking damage. [mutagenic glow]
 34344 | Vaults:1 | Identified the staff "Byecku Enoro" {rCorr Earth}
 34345 | Vaults:1 | Identified the +0 helmet of Heesoy {+Inv MP+9 Str-3 Int+4}
 34346 | Vaults:1 | Identified the ring "Nozit Xewi" {*Corrode rElec rF+ rC+
                  | Dex+5}
 34363 | Vaults:1 | Identified the amulet "Ympek" {Spirit *Slow rCorr Str+2
                  | Int+2}
 34366 | Vaults:1 | Identified the +3 orcbow of Amorality {drain, *Slow rElec
                  | Will++ SInv}
 34503 | Vaults:2 | Found Ricerubb's Magic Scroll Emporium.
 34509 | Vaults:2 | Bought a scroll of blinking for 112 gold pieces
 34509 | Vaults:2 | Bought a scroll of blinking for 112 gold pieces
 34509 | Vaults:2 | Bought a scroll of vulnerability for 60 gold pieces
 34509 | Vaults:2 | Bought a scroll of fear for 60 gold pieces
 34509 | Vaults:2 | Bought a scroll of teleportation for 45 gold pieces
 34509 | Vaults:2 | Bought 3 scrolls of fog for 180 gold pieces
 34509 | Vaults:2 | Bought a scroll of fog for 60 gold pieces
 34941 | Vaults:1 | Lost mutation: Your spells are a little easier to cast, but
                  | a little less powerful. [potion of mutation]
 34941 | Vaults:1 | Lost mutation: You sometimes lose your temper in combat.
                  | [potion of mutation]
 34941 | Vaults:1 | Lost mutation: Your body sometimes deteriorates upon taking
                  | damage. [potion of mutation]
 34941 | Vaults:1 | Gained mutation: You possess an exceptional clarity of
                  | mind. [potion of mutation]
 34941 | Vaults:1 | Gained mutation: You are partially covered in iridescent
                  | scales. (AC +2) [potion of mutation]
 34941 | Vaults:1 | Gained mutation: You have a somewhat thin skeletal
                  | structure. (Dex +2, Stealth+) [potion of mutation]
 35921 | Vaults:2 | Received a gift from Nemelex Xobeh
 36592 | Vaults:2 | Reached skill level 18 in Unarmed Combat
 36752 | Vaults:2 | Reached XP level 20. HP: 111/114 MP: 28/28
 37251 | Vaults:2 | Identified the +2 broad axe "Onuy" {venom, Fly rC+ Str-2}
 37522 | Vaults:3 | Received a gift from Nemelex Xobeh
 37557 | Vaults:3 | Reached skill level 10 in Armour
 37909 | Vaults:3 | Identified the +3 whip "Liuhurac" {heavy, rCorr SInv}
 38121 | Vaults:3 | Found Silegg's Weapon Shop.
 38193 | Vaults:3 | Received a gift from Nemelex Xobeh
 38550 | Vaults:3 | Received a gift from Nemelex Xobeh
 38767 | Vaults:3 | Noticed Mennas
 38788 | Vaults:3 | Killed Mennas
 38962 | Vaults:3 | Found a staircase to the Crypt.
 39020 | Vaults:3 | Found Rich's Distillery.
 39028 | Vaults:3 | Bought 2 potions of enlightenment for 180 gold pieces
 39177 | Vaults:4 | Received a gift from Nemelex Xobeh
 39765 | Vaults:4 | Received a gift from Nemelex Xobeh
 40189 | Vaults:4 | Reached XP level 21. HP: 45/113 MP: 27/29
 40449 | Vaults:4 | Identified the +5 scale mail "Gihoequg" {+Blink rElec rF++
                  | Dex+3}
 40544 | Vaults:4 | Received a gift from Nemelex Xobeh
 40588 | Vaults:4 | Identified the +9 rapier of Homn {speed, Str+3}
 41150 | Shoals:1 | Entered Level 1 of the Shoals
 41269 | Shoals:1 | Noticed Roxanne
 41290 | Shoals:1 | Killed Roxanne
 41392 | Shoals:1 | Received a gift from Nemelex Xobeh
 42311 | Shoals:2 | Received a gift from Nemelex Xobeh
 42851 | Shoals:3 | Found Jusean Leurch's Firing Range.
 42861 | Shoals:3 | Identified the +0 kite shield of Ennui {Str+3}
 42861 | Shoals:3 | Noticed Donald
 42869 | Shoals:3 | Killed Donald
 42924 | Shoals:3 | Found a gateway to a bazaar.
 42933 | Bazaar   | Entered a bazaar
 42940 | Bazaar   | Found Vipseiss's Jewellery Boutique.
 42940 | Bazaar   | Received a gift from Nemelex Xobeh
 42962 | Bazaar   | Found Fefeuskac's General Store.
 42967 | Bazaar   | Bought a scroll of teleportation for 24 gold pieces
 42983 | Bazaar   | Found Ynkom's Distillery.
 42988 | Bazaar   | Bought a potion of resistance for 90 gold pieces
 42988 | Bazaar   | Bought a potion of enlightenment for 45 gold pieces
 43003 | Bazaar   | Found Bytepl Petza's Assorted Antiques.
 43009 | Bazaar   | Bought a scroll of teleportation for 129 gold pieces
 43009 | Bazaar   | Bought a potion of curing for 129 gold pieces
 43773 | Shoals:3 | Upgraded the game from 0.31-a0-640-g39d97e502b to
                  | 0.31-a0-647-g38d6a14cb1
 43803 | Shoals:4 | Entered Level 4 of the Shoals
 44307 | Shoals:4 | Got a barnacled rune of Zot
 44551 | Shoals:4 | Received a gift from Nemelex Xobeh
 44559 | Shoals:4 | Identified the staff of World's End {*Corrode rF+ rN+ Dex+3
                  | Fire}
 44868 | Shoals:4 | Found Humit's One-of-a-Kind Rings.
 45218 | Shoals:4 | Found Qeucec Waut's CLEARANCE SALE!.
 45240 | Shoals:4 | Bought a potion of enlightenment for 15 gold pieces
 45427 | Shoals:4 | Identified the +2 orcbow of Karma {flame, SInv}
 45960 | Depths:1 | Entered Level 1 of the Depths
 45976 | Depths:1 | Reached XP level 22. HP: 132/132 MP: 30/30
 46205 | Depths:1 | Found a gateway to Hell.
 46324 | Depths:1 | Received a gift from Nemelex Xobeh
 46750 | Depths:1 | Received a gift from Nemelex Xobeh
 47442 | Depths:2 | Received a gift from Nemelex Xobeh
 47573 | Depths:2 | Found a one-way gateway to a ziggurat.
 47818 | Depths:2 | Received a gift from Nemelex Xobeh
 48088 | Depths:2 | Found a one-way gate leading to the halls of Pandemonium.
 48345 | Depths:3 | Found Fixavoc's Distillery.
 48352 | Depths:3 | Bought a potion of cancellation for 136 gold pieces
 48352 | Depths:3 | Bought a potion of resistance for 170 gold pieces
 48361 | Depths:3 | Noticed a juggernaut
 48368 | Depths:3 | Noticed Norris
 48495 | Depths:3 | Reached skill level 10 in Dodging
 48606 | Depths:3 | Identified the +6 battleaxe "Oxesaiwn" {venom, Fly rCorr}
 48817 | Depths:3 | Noticed Vv
 48881 | Depths:2 | Killed Vv
 48970 | Depths:2 | Killed a juggernaut
 49005 | Depths:2 | Reached skill level 5 in Evocations
 49065 | Depths:3 | Killed Norris
 49355 | Depths:3 | Noticed Boris
 49370 | Depths:3 | Killed Boris
 49426 | Depths:3 | Found a runed translucent door.
 49426 | Depths:3 | Noticed a golden dragon
 49628 | Depths:3 | Found a runed translucent door.
 49629 | Depths:3 | Found a runed translucent door.
 49639 | Depths:3 | Killed a golden dragon
 49687 | Depths:3 | Reached XP level 23. HP: 68/137 MP: 26/31
 49800 | Depths:3 | Identified the +8 plate armour of the Volcano {rElec}
 49849 | Depths:3 | Found a one-way gate to the infinite horrors of the Abyss.
 49905 | Depths:3 | Received a gift from Nemelex Xobeh
 49924 | Depths:3 | You fall into a shaft and drop 1 floor!
 49924 | Depths:4 | Entered Level 4 of the Depths
 49942 | Depths:4 | Noticed a juggernaut
 50193 | Depths:3 | Found a runed translucent door.
 50194 | Depths:3 | Found a shimmering altar of Xom.
 50194 | Depths:3 | Noticed samai96's ghost (adept DrSh)
 50194 | Depths:3 | Identified the +7 dire flail of Zuschaywi {chaos, rC++ rN+
                  | Str+2 Int-5}
 50917 | Depths:3 | Killed samai96's ghost
 50922 | Depths:3 | Identified the ring of the Failed Coup {rCorr Dex+3}
 50981 | Depths:4 | Noticed a golden dragon
 50991 | Depths:3 | Killed a golden dragon
 51040 | Depths:4 | Noticed a juggernaut
 51066 | Depths:3 | Killed a juggernaut
 51435 | Depths:4 | Found a gate to the Realm of Zot.
 51435 | Depths:4 | Noticed a golden dragon
 51724 | Depths:3 | Killed a juggernaut
 51787 | Depths:4 | Reached skill level 10 in Spellcasting
 51881 | Depths:4 | Found Repedad's Neck Hole.
 52095 | Depths:4 | Killed a golden dragon
 52217 | Depths:4 | Received a gift from Nemelex Xobeh
 52452 | Depths:4 | Reached skill level 10 in Evocations
 52685 | Depths:4 | Bought the +5 cloak of Vuceery {rC+ Int+3} for 597 gold
                  | pieces
 53169 | Vaults:5 | Entered Level 5 of the Vaults
 53347 | Vaults:4 | Reached XP level 24. HP: 106/142 MP: 38/38
 53396 | Vaults:4 | Reached skill level 19 in Unarmed Combat
 54281 | Vaults:4 | Reached skill level 20 in Unarmed Combat
 54720 | Vaults:5 | Noticed an ancient lich
 54728 | Vaults:5 | Killed an ancient lich
 55033 | Vaults:5 | Noticed an ancient lich
 55047 | Vaults:5 | Killed an ancient lich
 55048 | Vaults:5 | Reached skill level 21 in Unarmed Combat
 55119 | Vaults:5 | Noticed a dread lich
 55138 | Vaults:5 | Killed a dread lich
 55325 | Vaults:5 | Noticed an ancient lich
 55337 | Vaults:5 | Killed an ancient lich
 55430 | Vaults:5 | Got a silver rune of Zot
 55628 | Vaults:5 | Found Jedi's Antique Armour Shop.
 55631 | Vaults:5 | Found Todiwopp's Antique Armour Shoppe.
 55740 | Vaults:5 | Received a gift from Nemelex Xobeh
 55760 | Vaults:5 | Found Jyuskaca's General Store.
 55765 | Vaults:5 | Noticed an ancient lich
 55779 | Vaults:5 | Killed an ancient lich
 55815 | Vaults:5 | Bought a scroll of fear for 84 gold pieces
 55815 | Vaults:5 | Bought a wand of acid (7) for 617 gold pieces
 55815 | Vaults:5 | Bought a wand of charming (7) for 352 gold pieces
 55815 | Vaults:5 | Bought a wand of charming (4) for 201 gold pieces
 55931 | Vaults:5 | Reached XP level 25. HP: 130/147 MP: 36/38
 56439 | Elf:1    | Entered Level 1 of the Elven Halls
 56439 | Elf:1    | Found a runed translucent gate.
 56439 | Elf:1    | Found a runed translucent gate.
 56439 | Elf:1    | Found a runed translucent gate.
 56439 | Elf:1    | Found a runed translucent gate.
 56439 | Elf:1    | Found a runed translucent gate.
 56439 | Elf:1    | Found a runed translucent gate.
 56440 | Elf:1    | Found a runed translucent door.
 56460 | Elf:1    | Identified the ring of Axeoboes {Will+ rCorr Str+2 Int+2}
 56483 | Elf:1    | Found a runed translucent door.
 56523 | Elf:1    | Paralysed by an air elemental for 1 turns
 56559 | Elf:1    | Found Dulouf's Antique Armour Boutique.
 56560 | Elf:1    | Found Etuess's Book Boutique.
 56560 | Elf:1    | Found Qihidie's Distillery.
 56571 | Elf:1    | Bought a glowing tower shield for 255 gold pieces
 56572 | Elf:1    | Bought a warped cloak for 323 gold pieces
 56572 | Elf:1    | Identified the +2 cloak of Ytaogri {Will+} (You bought it
                  | in a shop on level 1 of the Elven Halls)
 56573 | Elf:1    | Found Sala's Armour Shop.
 56576 | Elf:1    | Bought a potion of berserk rage for 65 gold pieces
 56599 | Elf:1    | Paralysed by an air elemental for 1 turns
 57088 | Elf:1    | Found Buasudih's General Store.
 57100 | Elf:1    | Bought a potion of haste for 140 gold pieces
 57231 | Elf:1    | Received a gift from Nemelex Xobeh
 57366 | Elf:1    | Noticed Azrael
 57376 | Elf:1    | Killed Azrael
 57646 | Elf:2    | Found Eteggom's Jewellery Shop.
 57691 | Elf:2    | Found Vanlex Jai's Armour Emporium.
 57808 | Elf:2    | Received a gift from Nemelex Xobeh
 57816 | Elf:2    | Identified the +0 leather armour "Doakhlat" {rF+ Int-4 SInv
                  | Stlth+}
 57817 | Elf:2    | Found Huts's Distillery.
 57823 | Elf:2    | Noticed Nikola
 57825 | Elf:2    | Bought a potion of enlightenment for 65 gold pieces
 57825 | Elf:2    | Bought a potion of mutation for 104 gold pieces
 57825 | Elf:2    | Bought a potion of cancellation for 104 gold pieces
 57825 | Elf:2    | Bought a potion of might for 52 gold pieces
 57832 | Elf:2    | Killed Nikola
 57912 | Elf:2    | Found Peawix's General Store.
 57967 | Elf:2    | Bought a scroll of vulnerability for 76 gold pieces
 57967 | Elf:2    | Bought a scroll of vulnerability for 76 gold pieces
 58205 | Elf:2    | Found a runed translucent gate.
 58205 | Elf:2    | Found a runed translucent gate.
 58253 | Elf:2    | Found a runed translucent gate.
 58764 | Elf:2    | Received a gift from Nemelex Xobeh
 58869 | Elf:3    | Entered Level 3 of the Elven Halls
 59612 | Elf:3    | Received a gift from Nemelex Xobeh
 59631 | Elf:3    | Identified the +2 great sword "Yfeupt" {holy, *Noise Fly
                  | rElec rCorr}
 59631 | Elf:3    | Identified the ring of Gietul {rElec rPois AC+4 Str+3}
 59634 | Elf:3    | Identified the amulet of the Morning {Acrobat rF+ Regen+}
 60076 | Elf:3    | Identified the amulet "Wiupeng" {Acrobat Rampage Str+7
                  | Dex+5}
 60536 | Elf:3    | Identified the staff of Collusion {rN+ rCorr MP-9 Str+5
                  | Necro}
 60568 | Elf:3    | Identified the +0 chain mail of Conscience {rCorr Int+4
                  | SInv Stlth+}
 60786 | Elf:3    | Reached skill level 22 in Unarmed Combat
 60900 | Elf:3    | Received a gift from Nemelex Xobeh
 60999 | Elf:3    | Paralysed by an air elemental for 1 turns
 61315 | Zot:1    | Entered Level 1 of the Realm of Zot
 61431 | Zot:1    | Identified the ring "Vitsov" {*Slow rElec rPois rN+ Dex+6}
 61483 | Depths:4 | Reached XP level 26. HP: 152/152 MP: 38/38
 62857 | Zot:2    | Identified the +7 rapier "Bauriffu" {protect, rPois Str+2
                  | Int-4}
 63033 | Zot:2    | Received a gift from Nemelex Xobeh
 63326 | Zot:3    | You fall into a shaft and drop 1 floor!
 63492 | Zot:3    | Received a gift from Nemelex Xobeh
 63921 | Zot:3    | Received a gift from Nemelex Xobeh
 63953 | Zot:3    | Noticed a Killer Klown
 63978 | Zot:3    | Killed a Killer Klown
 64069 | Zot:3    | Reached skill level 15 in Armour
 64332 | Zot:4    | Noticed a Killer Klown
 64567 | Zot:3    | Killed a Killer Klown
 64727 | Zot:4    | Reached XP level 27. HP: 156/159 MP: 38/38
 65046 | Zot:4    | Reached skill level 23 in Unarmed Combat
 66037 | Zot:5    | Entered Level 5 of the Realm of Zot
 66685 | Zot:5    | Received a gift from Nemelex Xobeh
 67020 | Zot:5    | Noticed an ancient lich
 67028 | Zot:5    | Killed an ancient lich
 67287 | Zot:5    | Noticed an orb of fire
 67304 | Zot:5    | Killed an orb of fire
 67305 | Zot:5    | Noticed an ancient lich
 67313 | Zot:5    | Killed an ancient lich
 67314 | Zot:5    | Reached skill level 15 in Shields
 67325 | Zot:5    | Noticed an orb of fire
 67340 | Zot:5    | Killed an orb of fire
 67400 | Zot:5    | Noticed an ancient lich
 67412 | Zot:5    | Killed an ancient lich
 67619 | Zot:5    | Reached skill level 24 in Unarmed Combat
 67661 | Zot:5    | Noticed a dread lich
 67677 | Zot:5    | Killed a dread lich
 68660 | Zot:5    | Received a gift from Nemelex Xobeh
 68706 | Zot:5    | Noticed an ancient lich
 68717 | Zot:5    | Killed an ancient lich
 68813 | Zot:5    | Got the Orb of Zot
 69343 | D:$      | Escaped with the Orb!

Illustrated notes

Levels and vault maps discovered:
D:1:      dpeg_arrival_round_a, layout_loops_ring
D:2:      layout_loops_ring, chequers_arboretum
D:3:      layout_rooms, okawaru_trees_2, serial_shops, shop, serial_bayou_pond_d
D:4:      layout_basic, grunt_gozag_breadcrumbs,
          minmay_fractal_squares_gapless_5, uniq_sigmund, uniq_ijyb, uniq_edmund
D:5:      layout_basic, nemelex_diamond_rough_becter, roderic_batcave,
          corexii_shack, uniq_duvessa
D:6:      layout_loops_corners, uniq_eustachio
D:7:      layout_basic, grunt_dithmenos_shadows, nicolae_overflow_crystal_walls,
          nzn_hepliaklqana_mist_gate, minmay_temple_entry_stoned_glass,
          minmay_microvault, uniq_joseph
D:8:      minmay_slanted_spiral_squares, layout_loops_cross,
          mainiacjoe_overflow_alcove_1, monkooky_shop_alliterative
D:9:      cheibrodos_shockbox, layout_basic, jmf_multi_god_temple2,
          lair_entry_dummy
D:10:     layout_gridville, lemuel_round_altar, nicolae_elyvilon_temple_path,
          enter_bailey_1
D:11:     layout_basic, zombieorc1_lemuel, serial_shops, nicolae_diamond_shop,
          nicolae_shop_behind_doors, uniq_josephine, uniq_harold
D:12:     layout_basic, serial_shops, nicolae_shop_back_alley_shop,
          grunt_decor_cap
D:13:     layout_loops_ring, nzn_ghost_randoct
D:14:     kennysheep_tiny_hell, layout_long_grid,
          hellmonk_vaults_attempted_burglary, gammafunk_ghost_smash
D:15:     hellmonk_depths_entry_around_the_bend, layout_irregular_city,
          portal_ice_cave_entry_pillars_1, minmay_misc_feat_iff,
          einodemon_armed_red_devil_minivault, uniq_kirke
Lair:1:   layout_chaotic_city
Lair:2:   layout_loops_ring, shoals_dummy_entry,
          minmay_snake_entry_six_corridors, serial_bayou_pond_d,
          pdpol_lair_neglected_garden, uniq_gastronok
Lair:3:   layout_long_grid, grunt_megastairs_4, serial_bayou_shore_a,
          lemuel_fruit_fields, uniq_urug
Lair:4:   layout_layer_cave
Lair:5:   gammafunk_lair_ancient_temple, layout_regular_city, slime_entry_1,
          chequers_serial_rivers_micro_c, chequers_serial_rivers_room_a
Shoals:1: layout_shoals, uniq_roxanne
Shoals:2: layout_shoals
Shoals:3: layout_shoals, serial_shops, freezing_bzr, nicolae_shop_firing_range,
          uniq_donald
Shoals:4: shoals_end_grunt_ice, layout_shoals, nicolae_shop_unique_rings,
          nicolae_shoals_lost_giant_pillars, nicolae_shop_clearance
Snake:1:  layout_basic, serial_shops, shop, nicolae_snake_lava_pool
Snake:2:  layout_layer_cave, serial_shops, nicolae_shop_stone,
          nicolae_snake_gridmaze_spiral, grunt_megastairs_2, uniq_vashnia
Snake:3:  layout_misc_corridors, ebering_ghost_xom, basic_altar,
          grunt_megastairs_1, uniq_mlioglotl
Snake:4:  snake_pit_salamanders_mu, layout_onion,
          gammafunk_ghost_berserking_beasts, nicolae_snake_flat_spine,
          guppyfry_library_mini
Orc:1:    layout_caves, nicolae_orc_crystal_geode, uniq_erica
Orc:2:    st_orc_pillars, layout_diamond_mine
Elf:1:    nicolae_elf_arrival_dilemma, layout_gridlike, serial_shops,
          nicolae_shop_window_shopping, evilmike_minifort, minmay_shoptagon,
          uniq_azrael
Elf:2:    nicolae_elf_blades_splatter_lattice
          [nicolae_blade_entry_sentries_behind_glass], layout_loops_corners,
          serial_shops, shop, shop, shop, shop, uniq_nikola
Elf:3:    minmay_elf_hall_furrowed, layout_onion_city, serial_glass,
          glass_columns_a, glass_columns_a, nicolae_elf_m_pinch
Vaults:1: v_misc_8, nicolae_vaults_variable_pillar_hall_cross,
          gammafunk_its_a_trap, v_misc_11, v_misc_15, v_rooms_6,
          vaults_dpeg_encased_lava, nicolae_vaults_little_squares_2, v_rooms_3,
          nicolae_vaults_diagonal_hallway_7, hangedman_vaults_maws,
          nicolae_vaults_sealed_display, layout_vaults_big_cross
Vaults:2: st_greater_box_1, nicolae_vaults_tetromino_L_1,
          vaults_standard_mumra_lines, serial_ice_h, nicolae_vaults_what_the_h,
          ontoclasm_vaults_loading_screen, ontoclasm_vaults_eye,
          nicolae_vaults_alarming, ontoclasm_vaults_hangar, v_misc_18,
          dpeg_vaults_monster_box, layout_vaults_maze_bifur, serial_shops, shop
Vaults:3: v_misc_3, blue_anna_dwarven_crypt, grunt_vaults_funnel,
          nicolae_vaults_murder_corner, vaults_mumra_minichess,
          nicolae_vaults_trapezoid_lopsided_4, nicolae_vaults_mini_display_case,
          layout_vaults_quadrants, serial_shops, nicolae_shop_crystal,
          nicolae_shop_bloodbath_and_beyond, uniq_mennas
Vaults:4: nicolae_vaults_ninety_degrees, nicolae_vaults_twisting_passages,
          nicolae_vaults_apartment_2, nicolae_vaults_big_ls, v_misc_9,
          grunt_vaults_diagonal, ontoclasm_vaults_ligature,
          nicolae_vaults_house_1, nicolae_vaults_storage_closets_2,
          nicolae_vaults_prndl, v_misc_22, v_misc_28,
          nicolae_vaults_diffraction_hallways, nicolae_vaults_tetromino_L_2,
          nicolae_vaults_tetromino_L_2, ontoclasm_vaults_gateway,
          layout_vaults_omnibox
Vaults:5: serial_shops
Depths:1: layout_honeycomb, pf_hell_entry_tar_river, hangedman_decor_slide_cut,
          kennysheep_donut, serial_sigils_hangedman_gut,
          kennysheep_decorative_pillar, item_on_display_a
Depths:2: nicolae_moon_pools, layout_cave_shapes, enter_ziggurat_c,
          minmay_strange_pillars, grunt_pan_entry_sceptre, serial_bayou,
          serial_bayou_pond_c, serial_bayou_pond_a, serial_bayou_shore_b,
          serial_bayou_lagoon_a, hell_entry
Depths:3: minmay_the_grid_triangle_9x9_recursive_2_mashed
          [minmay_the_grid_triangle_9x9_prize_insulated,
          minmay_the_grid_triangle_9x9_fully_insulated_deathbox,
          minmay_the_grid_triangle_9x9_pentomino_pain,
          minmay_the_grid_triangle_9x9_dagger], layout_basic,
          hangedman_abyss_entry_splay, serial_shops, kennysheep_little_box,
          ebering_ghost_xom, grunt_mini_vestibule,
          infiniplex_staircase_squiggle, uniq_boris, uniq_norris, uniq_vv
Depths:4: grunt_zot_entry_funnels, layout_cave_pools, hell_entry, special_room
          [special_room_mythical_zoo], serial_rivers,
          chequers_serial_rivers_micro_e, chequers_serial_rivers_marsh,
          chequers_serial_rivers_micro_d, chequers_serial_rivers_micro_c,
          nicolae_shop_sticking_my_neck_out
Zot:1:    layout_onion_interference
Zot:2:    layout_twisted_circle
Zot:3:    layout_gridlike
Zot:4:    infiniplex_zot_generator, layout_misc_corridors, st_stairs_13
Zot:5:    layout_gridville

Skill      XL: |  1  2  3  4  5  6  7  8  9 10 11 12 13 14 15 16 17 18 19 20 21 22 23 24 25 26 27 |
---------------+----------------------------------------------------------------------------------+-----
Fighting       | 3 5 8 10 12 14 15 16 17 19 20 21 23 | 23.0
Invocations    | 2 3 6 8 9 10 11 | 11.0
Dodging        | 2 5 7 10 12 13 | 13.0
Shapeshifting  | 1 4 6 9 12 15 | 15.0
Unarmed Combat | 3 5 9 10 12 14 15 16 18 21 22 24 | 24.1
Evocations     | 1 2 3 4 8 10 | 10.0
Throwing       | 1 |  1.0
Armour         | 5 7 9 12 15 | 15.0
Shields        | 6 10 11 14 15 | 15.0
Spellcasting   | 5 10 | 10.0
Stealth        | |  6.0

Action                     |  1- 3 |  4- 6 |  7- 9 | 10-12 | 13-15 | 16-18 | 19-21 | 22-24 | 25-27 || total
---------------------------+-------+-------+-------+-------+-------+-------+-------+-------+-------++-------
  Melee: Unarmed           |    64 |   197 |   213 |   755 |   767 |  1916 |  1883 |  1771 |  1749 ||  9315
         Bite              |    17 |    47 |     2 |       |       |   763 |   948 |  1045 |   923 ||  3745
         Punch             |     1 |     4 |       |     3 |       |       |       |       |       ||     8
         Constrict         |       |       |    47 |   135 |   153 |     8 |       |       |       ||   343
  Throw: Throwing net      |       |       |       |       |       |       |     5 |    10 |     7 ||    22
 Invoke: Draw Destruction  |       |     4 |       |     2 |     3 |    18 |     4 |     2 |       ||    33
         Draw Summoning    |       |     1 |       |       |     5 |     5 |     8 |       |       ||    19
         Draw Escape       |       |       |       |     1 |     2 |     4 |       |       |       ||     7
         Triple Draw       |       |       |       |       |       |       |     1 |       |       ||     1
  Evoke: Wand              |     2 |     4 |     6 |     5 |    12 |    10 |     7 |     8 |     3 ||    57
         Lightning rod     |       |       |       |     1 |       |       |       |       |       ||     1
         Sack of spiders   |       |       |       |       |       |       |     1 |     1 |     1 ||     3
    Use: Scroll            |     2 |     9 |     4 |     8 |    10 |    16 |    16 |     5 |    10 ||    80
         Potion            |     1 |       |       |     5 |     4 |     1 |     4 |     3 |     9 ||    27
   Stab: Sleeping          |     7 |    10 |     5 |    12 |    14 |     6 |       |       |       ||    54
         Distracted        |     1 |       |       |     2 |     1 |     4 |       |     2 |       ||    10
         Invisible         |       |       |       |       |     5 |       |     1 |     1 |     5 ||    12
         Held in net/web   |       |       |       |       |       |       |     5 |    13 |     6 ||    24
         Petrifying        |       |       |       |       |       |       |     2 |       |       ||     2
         Petrified         |       |       |       |       |       |       |     1 |       |       ||     1
 Armour: Leather armour    |    18 |     3 |       |       |       |       |       |       |       ||    21
         Ring mail         |       |    38 |       |       |       |       |       |       |       ||    38
         Chain mail        |       |    40 |     3 |       |       |       |       |       |       ||    43
         Skin              |       |       |    54 |   179 |   258 |    37 |       |       |       ||   528
         Plate armour      |       |       |       |       |       |   260 |       |       |       ||   260
         Crystal plate arm |       |       |       |       |       |   627 |   997 |  1091 |   796 ||  3511
  Dodge: Dodged            |    46 |    78 |   165 |   610 |   786 |   317 |   397 |   473 |   575 ||  3447
  Block: Kite shield       |       |       |       |       |       |  1396 |  1258 |  1340 |  1159 ||  5153
         Reflection        |       |       |       |       |       |       |       |       |    75 ||    75
   Form: Anaconda          |       |       |     1 |     1 |     1 |     1 |       |       |       ||     4
                           |       |       |       |     1 |     1 |     2 |     1 |       |       ||     5
         Statue            |       |       |       |       |       |       |     1 |       |       ||     1

Table legend: (Time is in decaauts)
 A = Elapsed time spent in this place.
 B = Non-inter-level travel time spent in this place.
 C = Inter-level travel time spent in this place.
 D = Time resting spent in this place.
 E = Time spent auto-exploring this place.
 F = Levels seen in this place.
 G = Mean time per level.
                   A        B        C        D        E       F      G
               +--------+--------+--------+--------+--------+-----+--------+
         Total |  67900 |  62717 |   5183 |  13368 |  27610 |  52 | 1305.8 |
       Dungeon |  17423 |  14848 |   2575 |   1555 |   8605 |  15 | 1161.5 |
          Lair |   5652 |   5230 |    422 |    348 |   3870 |   5 | 1130.4 |
        Shoals |   4762 |   4561 |    201 |   1099 |   2031 |   4 | 1190.5 |
     Snake Pit |   6432 |   6129 |    303 |   1119 |   2472 |   4 | 1608.0 |
  Orcish Mines |   2234 |   2119 |    115 |    538 |    850 |   2 | 1117.0 |
   Elven Halls |   4530 |   4294 |    236 |    824 |   2220 |   3 | 1510.0 |
        Vaults |  10722 |  10184 |    538 |   2941 |   3356 |   5 | 2144.4 |
        Depths |   7175 |   6752 |    423 |   1840 |   2695 |   4 | 1793.8 |
           Zot |   7122 |   6756 |    366 |   2366 |   1252 |   5 | 1424.4 |
         Abyss |     45 |     45 |      0 |      0 |      0 |   2 |   22.5 |
        Bazaar |    106 |    106 |      0 |      0 |     87 |   1 |  106.0 |
        Bailey |    623 |    623 |      0 |    153 |     77 |   1 |  623.0 |
      Ice Cave |   1069 |   1069 |      0 |    582 |     92 |   1 | 1069.0 |
               +--------+--------+--------+--------+--------+-----+--------+

Top non-repeatable levels by time:
Depths:3: 2751 daAuts
Vaults:1: 2623 daAuts
 Snake:4: 2504 daAuts
Vaults:4: 2429 daAuts
   Zot:5: 2378 daAuts
     D:4: 2231 daAuts
Vaults:5: 2020 daAuts
 Snake:2: 1997 daAuts
Vaults:2: 1959 daAuts
   Elf:3: 1780 daAuts
Vaults:3: 1689 daAuts
   Orc:2: 1665 daAuts
    D:14: 1628 daAuts
Depths:2: 1624 daAuts
   Zot:4: 1586 daAuts
